AoeStats
← timmy_turner

Arabian Desert

510459738Analyzed
1v1 RM · 2d ago on Oct 1, 2026· 33m 46s· 2 players
Game mode
Random Map
Map size
Tiny (2 player)
Population
200
Speed
Normal
Resources
Standard
Victory
Conquest
Starting age
Dark Age
Ending age
Imperial Age
RankedLock teamsTeams togetherTeam positionsShared explorationLock speedFull tech treeHidden civsTurbo modeCheats
Victory
Defeat
🇵🇪 Inca · Peru
1664
+16
🇺🇸 Berbers · United States
1657
-16
timmy_turner
6:07 Loom
9:29 Feudal Age
10:14 Double-Bit Axe
12:29 Horse Collar
19:04 Fletching
20:59 Bloodlines
21:27 Scale Barding Armor
21:56 Padded Archer Armor
26:22 Castle Age
27:23 Leather Archer Armor
26:52 Elite Skirmisher
27:28 Bodkin Arrow
28:03 Husbandry
31:33 Ballistics
31:51 Bow Saw
DYN_BenderGC
11:54 Feudal Age
10:26 Loom
12:56 Feudal Age
13:30 Double-Bit Axe
13:25 Champi Runner
14:43 Horse Collar
19:30 Castle Age
19:39 Crossbowman
20:52 Fletching
21:34 Bodkin Arrow
23:41 Bow Saw
24:15 Gold Mining
25:11 Padded Archer Armor
29:47 Wheelbarrow
29:27 Elite Skirmisher
33:03 Thumb Ring
34:22 Hand Cart
Connection lost

Rejoining the realm…

Still unreachable

The connection could not be restored.

Session expired

The server has moved on; the page needs a fresh start.